Map: Dusk Towers

Players

capac - Winner!

  • Race: Terran Terran
  • League: Gold

MrFister

  • Race: Zerg Zerg
  • League: Gold

VOD

Have the link to the VOD?

Description

Time

  • Played on: April 10, 2016, 2:34 p.m.
  • Length: 15:28
Show
View Real Time Build Order
Export as new Build Order

capac Terran - Winner!

Build Orders: Reaper Expand, MMM Bio 

Get SALT Encoding   

  12  0:00  SCV  
  13  0:13  SCV  
  14  0:18  Supply Depot  
  14  0:25  SCV  
  15  0:40  SCV  
  15  0:42  Barracks  
  16  0:45  Refinery  
  16  0:52  SCV  
  17  1:04  SCV  
  18  1:16  SCV  
  19  1:28  Orbital Command  
  19  1:30  Reaper  
  20  1:43  Command Center  
  20  1:53  Supply Depot  
  20  1:54  SCV  
  21  2:12  Barracks Reactor  
  21  2:22  Barracks  
  21  2:25  Factory  
  21  2:27  SCV  
  21  2:28  Refinery  
  22  3:15  Barracks Tech Lab, Factory Reactor  
  22  3:17  Factory Tech Lab  
  22  3:21  Starport  
  22  3:23  SCV x2  
  22  3:24  Marine x2  
  26  3:35  SCV  
  28  3:41  Orbital Command  
  28  3:46  Marine x2  
  28  3:47  Marine, SCV  
  34  3:48  Siege Tank  
  34  3:59  SCV  
  34  4:00  Supply Depot  
  35  4:04  Starport Reactor, Marine x2  
  35  4:05  Marine  
  35  4:07  Barracks  
  38  4:16  SCV x2  
  40  4:24  Supply Depot  
  40  4:28  SCV x2  
  41  4:36  Siege Tank  
  41  4:38  Stimpack  
  44  4:40  SCV x2  
  44  4:42  Refinery  
  44  4:45  Marine x3  
  46  4:46  Supply Depot  
  46  4:51  Medivac  
  46  4:52  SCV x2  
  53  5:00  Refinery  
  53  5:04  SCV x2  
  53  5:05  Barracks Reactor  
  53  5:06  Marine  
  53  5:07  Marine x2  
  58  5:16  SCV x2  
  60  5:25  Command Center  
  60  5:26  Supply Depot  
  60  5:28  SCV  
  60  5:29  SCV  
  60  5:31  Medivac x2  
  66  5:41  Marine x4  
  70  5:48  Marauder, SCV x2  
  70  5:49  Supply Depot  
  74  5:53  Liberator x2  
  74  6:08  Marine x4  
  84  6:13  SCV x2  
  84  6:16  Supply Depot  
  86  6:25  SCV x2  
  88  6:26  Supply Depot  
  88  6:29  Marine x4  
  88  6:30  Marine  
  93  6:37  SCV x2  
  95  6:41  Supply Depot  
  95  6:47  Marine x5  
  99  7:06  Marine x5  
  99  7:08  Siege Tank  
  102  7:18  Liberator x2  
  98  7:34  Marine x5  
  98  7:36  SCV x2  
  110  7:41  Command Center  
  110  7:43  Orbital Command  
  110  7:48  SCV x2  
  112  8:06  Marine x5  
  112  8:08  Siege Tank  
  112  8:11  SCV x3  
  123  8:23  SCV x3  
  126  8:29  Refinery x2  
  126  8:35  Barracks, SCV x3  
  126  8:38  Barracks x2  
  126  8:40  Starport, Barracks  
  129  8:45  Siege Tank  
  132  8:50  Marine  
  132  8:51  Marine  
  132  8:52  Marine x2  
  113  9:05  SCV  
  113  9:06  SCV x2  
  113  9:07  Marine x2  
  113  9:09  Marine x3  
  118  9:18  SCV  
  118  9:22  SCV x2  
  121  9:27  Marine  
  121  9:29  Barracks Tech Lab x2  
  121  9:30  Barracks Reactor  
  121  9:31  Barracks Reactor  
  122  9:33  Combat Shields  
  122  9:34  Siege Tank  
  122  9:36  Supply Depot  
  125  9:39  Supply Depot x2  
  125  9:41  Liberator x2  
  125  9:45  Engineering Bay  
  125  9:46  Engineering Bay  
  125  9:48  Armory  
  125  9:56  Starport Reactor  
  131  10:29  Marine x2  
  131  10:30  Marine x4  
  131  10:34  Marine x2  
  131  10:35  Marine x3  
  142  10:42  Medivac x4  
  147  11:01  Marine x3  
  147  11:02  Marine x6  
  156  11:32  Marine  
  156  11:33  Marine x6  
  156  11:34  Marine  
  156  11:35  Marauder x3  
  156  11:36  Medivac  
  172  11:41  Medivac  
  172  12:01  Marauder  
  172  12:02  Medivac  
  172  12:04  Marauder x2, Medivac  
  148  12:18  Marine x3  
  148  12:19  Marine x5, Liberator x2  
  148  12:21  Command Center  
  156  12:23  Marine, Command Center  
  156  12:25  Marine x2  
  159  12:36  Marine x4  
  159  12:37  Marine x3  
  172  12:44  Liberator  
  172  12:54  Liberator  
  172  12:56  Marine  
  172  12:57  Marauder  
  172  12:58  Marauder  
  172  12:59  Marauder  
  171  13:07  Planetary Fortress  
  172  13:18  Marauder  
  166  13:20  Marauder  
  166  13:21  Marauder, Marine x3  
  166  13:22  Marine  
  172  13:33  Marine x4  
  176  13:39  Marine x4  
  176  13:40  Marauder  
  176  13:41  Marauder, Liberator x3  
  184  13:42  Marauder  
  186  13:50  Marine x3  
  189  14:01  Marauder  
  200  14:14  Refinery  
  200  14:16  Refinery  
  179  14:28  Marine x2  
  179  14:29  Marine x6  
  179  14:30  Marauder, Marine x2  
  190  14:56  Marine x6  
  190  14:57  Marauder x2, Marine  
Show
View Real Time Build Order
Export as new Build Order

MrFister Zerg 

Build Orders: Hatch First 

Get SALT Encoding   

  12  0:29  Hatchery  
  12  0:32  Drone  
  12  0:40  Overlord  
  12  0:48  Drone  
  13  0:51  Extractor  
  13  0:52  Drone  
  13  0:59  Drone  
  14  1:05  Drone  
  15  1:15  Drone  
  16  1:25  Spawning Pool  
  15  1:30  Drone  
  16  1:37  Drone  
  17  1:41  Drone  
  18  1:49  Drone  
  19  1:55  Drone  
  19  2:00  Drone  
  21  2:11  Queen  
  21  2:13  Metabolic Boost  
  22  2:20  Spine Crawler  
  22  2:22  Zergling x2  
  22  2:24  Zergling x2  
  22  2:26  Zergling x2  
  24  2:32  Drone  
  25  3:00  Drone x3  
  25  3:02  Overlord  
  28  3:07  Roach Warren  
  28  3:09  Queen, Extractor  
  27  3:16  Overlord  
  27  3:18  Drone  
  28  3:26  Evolution Chamber  
  27  3:30  Queen  
  29  3:44  Drone x3  
  29  3:46  Drone x2  
  34  3:54  Zerg Missile Weapons Level 1  
  34  4:15  Queen  
  36  4:20  Roach x4  
  36  4:21  Overlord  
  44  4:37  Lair  
  44  4:40  Roach x3  
  44  4:41  Roach  
  50  4:58  Drone  
  51  5:09  Overlord x2  
  51  5:15  Hatchery  
  50  5:25  Ravager  
  53  5:28  Roach x2  
  53  5:32  Drone  
  53  5:33  Drone x7  
  63  5:37  Extractor  
  63  5:38  Extractor, Drone  
  63  5:40  Drone  
  63  5:57  Ravager  
  64  6:12  Zergling x8  
  64  6:14  Overlord  
  64  6:15  Overlord  
  68  6:23  Glial Reconstitution  
  68  6:27  Zergling x2  
  68  6:28  Zergling x10  
  68  6:30  Overlord  
  74  6:43  Zergling x8  
  73  7:20  Queen  
  73  7:21  Drone x3  
  75  7:39  Spore Crawler  
  75  7:40  Zergling x2  
  75  7:41  Zergling x18  
  84  7:59  Ravager  
  84  8:00  Ravager x3  
  84  8:01  Hatchery, Roach  
  84  8:02  Roach x4  
  84  8:03  Overlord  
  84  8:04  Overlord  
  97  8:11  Zerg Missile Weapons Level 2  
  97  8:18  Hydralisk Den, Drone  
  97  8:19  Overlord  
  97  8:20  Overlord x2  
  97  8:41  Drone x8  
  51  9:04  Zergling x2  
  51  9:05  Zergling x16  
  57  9:13  Lurker Den  
  57  9:18  Extractor, Drone  
  57  9:19  Drone x2  
  57  9:20  Extractor, Drone x3  
  61  9:25  Queen  
  61  9:26  Drone x2  
  61  9:27  Roach x3  
  61  9:28  Roach x2  
  75  9:34  Baneling Nest  
  75  9:36  Infestation Pit  
  75  9:37  Drone  
  74  9:38  Spore Crawler  
  73  9:51  Roach x6, Spore Crawler  
  84  9:53  Zergling x2  
  84  9:54  Zergling x16  
  84  9:58  Ravager  
  84  9:59  Spore Crawler  
  93  10:03  Drone  
  93  10:06  Overlord  
  93  10:07  Drone  
  88  10:33  Ravager x4  
  88  10:34  Ravager  
  91  10:35  Zergling x2  
  91  10:36  Zergling x26  
  91  10:37  Zergling x4  
  107  10:43  Queen, Drone x2  
  97  11:22  Roach  
  97  11:23  Roach x11  
  121  11:33  Overlord x3  
  121  11:45  Baneling x3  
  121  11:46  Baneling x3  
  121  11:58  Drone x3  
  121  12:01  Extractor  
  118  12:03  Extractor  
  88  12:11  Roach x3  
  88  12:12  Roach x3  
  88  12:13  Zergling x2  
  88  12:14  Zergling x22  
  98  12:44  Baneling  
  98  12:45  Baneling x8  
  78  13:06  Zergling x2  
  78  13:07  Zergling x48  
  75  13:32  Hydralisk  
  75  13:33  Hydralisk x5  
  87  13:42  Baneling x4  
  87  13:47  Drone x2  
  89  13:50  Drone x3  
  89  13:52  Drone x3  
  95  13:59  Muscular Augments  
  95  14:04  Drone x2  
  95  14:05  Drone x3  
  100  14:12  Drone x2  
  79  14:25  Hydralisk x6  
  78  14:41  Zergling x26  
  78  14:42  Zergling x2  
  87  14:56  Overlord x4  
Tags
 
Add a new tag
Caveats
  • Supply blocks, unpowered buildings, or Contaminate may cause inaccurate times.
  • Supply counts are checked every 10 seconds.